 Dungeon Crawl Stone Soup version 0.21.1-1-g345015fe64 (webtiles) character file.

24 Lavandula the Digger (level 3, -7/24 HPs)
             Began as a Barachi Earth Elementalist on June 28, 2018.
             Killed from afar by zuik's ghost (13 damage)
             ... with a puff of flame
             ... on level 3 of the Dungeon.
             The game lasted 00:02:30 (299 turns).

Lavandula the Digger (Barachi Earth Elementalist)    Turns: 299, Time: 00:02:30

Health: -7/24      AC:  2    Str:  9    XL:     3   Next: 2%
Magic:  4/15       EV: 12    Int: 16    God:
Gold:   39         SH:  0    Dex: 12    Spells: 5/6 levels left

rFire    . . .     SeeInvis .   g - +0 dagger
rCold    . . .     Gourm    .   (no shield)
rNeg     . . .     Faith    .   c - +0 robe
rPois    .         Spirit   .   (no helmet)
rElec    .         Reflect  .   (no cloak)
rCorr    .         Harm     .   (no gloves)
MR       .....                  (no boots)
Stlth    ++........             (no amulet)
HPRegen  0.08/turn              k - ring of magical power
MPRegen  0.14/turn              (no ring)

@: slow
A: +LOS, swims, slowness 1, strong legs 1
a: Hop


You were on level 3 of the Dungeon.
You were not hungry.

You visited 1 branch of the dungeon, and saw 3 of its levels.

You collected 39 gold pieces.

Inventory:

Hand Weapons
 g - a +0 dagger (weapon)
Missiles
 b - 31 stones (quivered)
Armour
 c - a +0 robe (worn)
Jewellery
 k - a ring of magical power (left hand)
Scrolls
 j - a scroll of remove curse
Potions
 a - a potion of degeneration {unknown}
 i - a potion of resistance {unknown}
Books
 e - a book of Geomancy

   Spells                             Type                      Level
   a - Sandblast                      Earth                        1
   b - Passwall                       Transmutation/Earth          2
   c - Stone Arrow                    Conjuration/Earth            3
   d - Petrify                        Transmutation/Earth          4
   e - Lee's Rapid Deconstruction     Earth                        5
Comestibles
 d - 3 rations


   Skills:
 - Level 2.1 Dodging
 - Level 1.7 Stealth
 - Level 2.1 Spellcasting
   Level 1.1 Transmutations
 + Level 4.1 Earth Magic


You had 5 spell levels left.
You knew the following spells:

 Your Spells              Type           Power        Failure   Level  Hunger
a - Sandblast             Erth           ##....       3%          1    #......


Dungeon Overview and Level Annotations

Branches:
Dungeon (3/15)

Altars:

Annotations:
D:2 Jessica
D:3 zuik's ghost, amateur DEFE


Innate Abilities, Weirdness & Mutations

Shadows flee at your approach. (+LOS)
You can swim through water.
You cover ground slowly.
You can hop short distances.


Message History

Okay, then.
The kobold throws a stone.
The stone hits you.
Zuik's ghost gestures at you while chanting.
The puff of flame hits you!
* * * LOW HITPOINT WARNING * * *
You see here a stone.
The kobold barely misses you.
Press: ? - help, v - describe, . - travel
Here: zuik's ghost The floor.
The kobold throws a stone.
The stone closely misses you.
You see here a stone.
Okay, then.
The kobold throws a stone.
The stone closely misses you.
The kobold throws a stone.
The stone barely misses you.
Zuik's ghost says very slowly, "There's no hope."
Zuik's ghost points at you and mumbles some strange words.
The puff of flame hits you!
Ouch! That really hurt!
You die...

#.# #W# #.# #ยง# #w# #.#
#(# #w# #.# #W#
######.########.##
....#............
##########.##.......<#.##
........@.(.(...W........
+###########K.##.####....
#..##.# ##.##
##..##..####...
..............#
##.###..###.## #.#
##.###.# #.# #w.##.# .#
##.##.#


You could see zuik's ghost and a kobold.

Vanquished Creatures
  A worm (D:3)
  A dart slug (D:1)
  3 orcs (D:3)
  2 bats
  2 giant cockroaches
  2 hobgoblins
  3 kobolds (D:2)
  A rat (D:3)
15 creatures vanquished.

Notes
Turn   | Place    | Note
-------+----------+-------------------------------------------
     0 | D:1      | Lavandula the Barachi Earth Elementalist began the quest for the Orb.
     0 | D:1      | Reached XP level 1. HP: 13/13 MP: 3/3
   150 | D:1      | Reached XP level 2. HP: 19/19 MP: 3/5
   256 | D:2      | Noticed Jessica
   262 | D:3      | Noticed zuik's ghost (amateur DEFE)
   274 | D:3      | Reached skill level 4 in Earth Magic
   278 | D:3      | Reached XP level 3. HP: 14/24 MP: 0/6
   299 | D:3      | Killed from afar by zuik's ghost

Skill      XL: |  1  2 |
---------------+-------+-----
Earth Magic    | 4 |  4.1
Dodging        | |  2.1
Stealth        | |  1.7
Spellcasting   | |  2.1
Transmutations | |  1.1

Action                   || total
-------------------------++-------
Melee: Dagger            ||     2
 Cast: Sandblast         ||    28
  Use: Scroll            ||     2
Armor: Robe              ||     4
Dodge: Dodged            ||    17
